 Dungeon Crawl Stone Soup version 0.18.1-48-g4cf74bf (webtiles) character file.

2403 mopl the Experimenter (level 9, -13/47 HPs)
             Began as a Vine Stalker Wanderer on Aug 29, 2016.
             Was a Believer of Pakellas.
             Mangled by a two-headed ogre
             ... wielding a +0 giant club
              (14 damage)
             ... on level 7 of the Dungeon.
             The game lasted 00:13:09 (5386 turns).

mopl the Experimenter (Vine Stalker Wanderer)       Turns: 5386, Time: 00:13:09

Health: -13/47     AC: 10    Str: 16    XL:     9   Next: 47%
Magic:  0/14       EV: 11    Int: 12    God:    Pakellas [**....]
Gold:   461        SH:  0    Dex: 16    Spells: 0 memorised, 8 levels left

rFire  . . .     SeeInvis .     a - +2 dagger (venom)
rCold  . . .     Gourm    .     Q - +0 leather armour {rPois}
rNeg   + . .     Faith    .     (no shield)
rPois  +         Spirit   +     k - +1 helmet
rElec  .         Dismiss  .     (no cloak)
rCorr  .         Reflect  .     (no gloves)
SustAt .         Harm     .     p - +0 pair of boots
MR     +....                    (no amulet)
Stlth  ++........               H - +4 ring of protection
                                s - ring of positive energy (curse)

@: somewhat resistant to hostile enchantments, unstealthy
A: fangs 3, regeneration 2, magic shield, antimagic bite, no device heal 3, rot
immunity
a: Quick Charge, Renounce Religion


You were on level 7 of the Dungeon.
You worshipped Pakellas.
Pakellas was pleased with you.
You were not hungry.

You visited 1 branch of the dungeon, and saw 8 of its levels.

You collected 461 gold pieces.

Inventory:

Hand Weapons
 a - a +2 dagger of venom (weapon)
 b - a +0 blowgun
 C - a +0 rapier
 J - a +0 scimitar
Missiles
 d - 47 poisoned needles
 u - 6 needles of sleeping
Armour
 k - a +1 helmet (worn)
 p - a +0 pair of boots (worn)
 P - a +0 shield
 Q - a +0 leather armour of poison resistance (worn)
 T - a +2 robe of cold resistance
Magical Staves
 F - an uncursed staff of air
Jewellery
 s - a cursed ring of positive energy (left hand)
 t - an uncursed ring of protection from fire
 H - a +4 ring of protection (right hand)
Wands
 v - a wand of disintegration (5/24)
 A - a wand of random effects (21/48)
 L - a wand of acid (12/15)
 N - a wand of iceblast (9/15)
 S - a wand of acid (12/15)
Scrolls
 g - 3 scrolls of fog {unknown}
 j - 3 scrolls of identify
 l - 2 scrolls of magic mapping {unknown}
 q - 5 scrolls of teleportation {unknown}
 r - 3 scrolls of remove curse {unknown}
 y - a scroll of noise {unknown}
 E - 2 scrolls of random uselessness {unknown}
 G - a scroll of enchant weapon {unknown}
 R - a scroll of recharging {unknown}
Potions
 h - 2 potions of ambrosia
 m - 2 potions of curing
 x - a potion of agility
 z - 2 potions of brilliance
 B - 2 potions of flight
 K - 2 potions of invisibility
 M - a potion of haste
Books
 O - a book of Ice

   Spells                             Type                      Level
   a - Ice Form                       Ice/Transmutation            4
   b - Metabolic Englaciation         Hexes/Ice                    5
   c - Ozocubu's Refrigeration        Ice                          6
   d - Bolt of Cold                   Conjuration/Ice              6
   e - Freezing Cloud                 Conjuration/Ice/Air          6
   f - Simulacrum                     Ice/Necromancy               6
Miscellaneous
 I - a sack of spiders
Comestibles
 c - a royal jelly
 f - 3 bread rations
 i - 8 meat rations
 o - 2 slices of pizza
 w - 5 beef jerkies
 D - 6 fruits


   Skills:
 + Level 5.3 Fighting
 + Level 4.6(4.8) Short Blades
 + Level 1.9(3.5) Long Blades
   Level 1.0 Bows
 + Level 5.1 Throwing
 - Level 4.1 Armour
 - Level 3.1 Stealth
 * Level 6.5 Evocations


You had 8 spell levels left.
You didn't know any spells.

Dungeon Overview and Level Annotations

Branches:
Dungeon (8/15)             Temple (0/1) D:7
   Lair: D:8-11

Altars:
Dithmenos
Fedhas
Gozag
Kikubaaqudgha
Nemelex Xobeh
Okawaru
Pakellas
Qazlal
Sif Muna
Xom
Yredelemnul
Zin
The Shining One

Shops:
D:6 %   D:7 :


Innate Abilities, Weirdness & Mutations

You have razor-sharp teeth.
You heal very quickly.
When hurt, damage is shared between your health and your magic reserves.
Your bite disrupts and absorbs the magic of your enemies.
Potions and wands cannot restore your health.
You are immune to rotting.


Message History

The two-headed ogre hits you with a giant club!
* * * LOW HITPOINT WARNING * * *
The jackal barks!
The two-headed ogre hits you but does no damage.
The gnoll hits you with a halberd.
* * * LOW HITPOINT WARNING * * *
You climb upwards.
There is a stone staircase leading down here.
The gnoll hits you from afar with a spear!
* * * LOW HITPOINT WARNING * * *
Things that are here:
a ring mail; a spear The gnoll closely misses you.
Pakellas accepts your kill.
You feel your power returning.
You feel a bit more experienced.
The two-headed ogre hits you with a giant club!
* * * LOW HITPOINT WARNING * * *
The two-headed ogre hits you with a giant club!
You die...
Pakellas says: That's one more possible approach eliminated.

.....#.....#....................#
.........#.......#.p.......######
...................#.#.#####
...................#)#.#
...............#..g>g#.#
..................####.#
..................# #[#
....###'###....#O#####.#
...##.....##....@....#.#
...#...⌠P...........[#.#
...#P.....PP#..<.....#.#
....#_._._##....#....#.#
....##.#.#P..........#.#
.....#....####.........#
....##....# ####...#..##
...###....#######.......#
.....................#..##


You could see a two-headed ogre, a gnoll and a neutral freed slave (wandering).

Vanquished Creatures
  A blink frog (D:7)
  A human (D:4)
  2 steam dragons (D:5)
  A sky beast (D:7)
  A black bear (D:7)
  An orc warrior (D:6)
  2 slaves (D:7)
  An ogre (D:6)
  A phantom (D:6)
  A centaur (D:5)
  Blork the orc (D:5)
  2 giant frogs (D:6)
  A gnoll sergeant (D:7)
  A scorpion (D:7)
  A howler monkey (D:4)
  A quasit (D:7)
  3 crimson imps
  3 hounds
  2 orc priests (D:3)
  8 orc wizards
  Terence (D:3)
  4 worker ants
  A hound skeleton (D:4)
  3 gnolls
  15 adders
  2 adder zombies
  3 worms
  7 dart slugs
  4 giant geckos
  23 orcs
  6 bats
  5 giant cockroaches
  9 hobgoblins
  2 jackals (D:5)
  2 quokkas
  2 ball pythons
  A giant cockroach zombie (D:5)
  A giant gecko skeleton (D:5)
  6 giant newts
  7 goblins (D:1)
  A jackal skeleton (D:4)
  8 kobolds
  7 rats
155 creatures vanquished.

Notes
Turn   | Place    | Note
--------------------------------------------------------------
     0 | D:1      | mopl the Vine Stalker Wanderer began the quest for the Orb.
     0 | D:1      | mopl set off with: a +2 scale mail, a +0 shortbow, 26 arrows, 12 poisoned needles, a +0 blowgun, a bread ration
     0 | D:1      | Reached XP level 1. HP: 11/11 MP: 2/2
    78 | D:1      | Reached skill level 2 in Throwing
   100 | D:1      | Reached skill level 2 in Fighting
   100 | D:1      | Reached XP level 2. HP: 15/15 MP: 3/3
   227 | D:1      | Reached skill level 1 in Stealth
   435 | D:1      | Reached XP level 3. HP: 18/18 MP: 4/4
   554 | D:1      | You fall through a shaft!
   554 | D:2      | Found a glowing golden altar of the Shining One.
   564 | D:2      | Reached skill level 2 in Stealth
   570 | D:2      | Found a deep blue altar of Sif Muna.
   586 | D:2      | Found an ancient bone altar of Kikubaaqudgha.
   586 | D:2      | Found an iron altar of Okawaru.
  1024 | D:2      | Reached XP level 4. HP: 23/23 MP: 5/5
  1098 | D:2      | Found a stormy altar of Qazlal.
  1309 | D:2      | Reached skill level 3 in Stealth
  1588 | D:2      | Found an oddly glowing altar of Pakellas.
  1596 | D:2      | Became a worshipper of Pakellas the Inventive
  2022 | D:3      | Reached skill level 1 in Evocations
  2022 | D:3      | Reached XP level 5. HP: 17/28 MP: 4/6
  2094 | D:2      | Reached skill level 1 in Short Blades
  2217 | D:3      | Reached skill level 3 in Fighting
  2217 | D:3      | Reached skill level 3 in Throwing
  2222 | D:2      | Reached * piety under Pakellas
  2222 | D:2      | Received a gift from Pakellas
  2253 | D:2      | Reached skill level 2 in Evocations
  2263 | D:3      | Gained mutation: You heal very quickly. [Vine Stalker growth]
  2263 | D:3      | Reached XP level 6. HP: 27/32 MP: 8/8
  2487 | D:3      | Noticed Terence
  2507 | D:3      | Killed Terence
  2653 | D:4      | Found a runed door.
  2654 | D:4      | Noticed a human
  2657 | D:4      | Found a basalt altar of Yredelemnul.
  2680 | D:4      | Killed a human
  2680 | D:4      | Reached skill level 2 in Short Blades
  2680 | D:4      | Reached skill level 3 in Evocations
  2711 | D:4      | Reached XP level 7. HP: 36/36 MP: 10/10
  3071 | D:4      | Found a blossoming altar of Fedhas.
  3081 | D:4      | Found a shimmering altar of Xom.
  3081 | D:4      | Found a shimmering altar of Xom.
  3081 | D:4      | Found a shimmering altar of Xom.
  3082 | D:4      | Found a shimmering altar of Xom.
  3082 | D:4      | Found a shimmering altar of Xom.
  3328 | D:5      | Entered Level 5 of the Dungeon
  3414 | D:5      | Noticed Blork the orc
  3425 | D:5      | Killed Blork the orc
  3430 | D:5      | Reached ** piety under Pakellas
  3430 | D:5      | Received a gift from Pakellas
  3624 | D:5      | Reached skill level 4 in Fighting
  3624 | D:5      | Reached skill level 3 in Short Blades
  3624 | D:5      | Reached skill level 4 in Evocations
  3670 | D:5      | Gained mutation: You have razor-sharp teeth. [Vine Stalker growth]
  3670 | D:5      | Reached XP level 8. HP: 42/42 MP: 12/12
  3739 | D:5      | Reached skill level 4 in Throwing
  3899 | D:6      | Found an opulent altar of Gozag.
  3985 | D:6      | Reached skill level 5 in Evocations
  4132 | D:6      | Found Goeph's Food Boutique.
  4143 | D:6      | Found a sparkling altar of Nemelex Xobeh.
  4495 | D:6      | Reached skill level 4 in Short Blades
  4557 | D:6      | Reached skill level 5 in Fighting
  4627 | D:7      | Reached XP level 9. HP: 38/47 MP: 10/14
  4671 | D:7      | Found a staircase to the Ecumenical Temple.
  4712 | D:7      | Found a glowing silver altar of Zin.
  4713 | D:7      | Found an oddly glowing altar of Pakellas.
  4716 | D:7      | Found a basalt altar of Yredelemnul.
  4718 | D:7      | Found a shadowy altar of Dithmenos.
  4798 | D:6      | Reached skill level 6 in Evocations
  4894 | D:7      | Reached skill level 1 in Long Blades
  4943 | D:7      | Noticed Pikel
  4945 | D:7      | Noticed Pikel
  4945 | D:7      | Pikel changed into Pikel the blink frog
  4954 | D:7      | Killed Pikel the blink frog
  4954 | D:7      | Reached skill level 5 in Throwing
  4994 | D:7      | Found Issam's Book Emporium.
  5157 | D:7      | Found a blossoming altar of Fedhas.
  5293 | D:8      | Noticed a two-headed ogre
  5386 | D:7      | HP: 1/47 [two-headed ogre/giant club (7)]
  5386 | D:7      | Mangled by a two-headed ogre

Skill      XL: |  1  2  3  4  5  6  7  8  9 |
---------------+----------------------------+-----
Throwing       | 2 3 4 5 |  5.1
Fighting       | 2 3 4 5 |  5.3
Stealth        | 1 2 3 |  3.1
Evocations     | 1 2 3 4 5 6 |  6.5
Short Blades   | 1 2 3 4 |  4.6
Long Blades    | 1 |  1.9
Bows           | |  1.0
Armour         | |  4.1

Action                   |  1- 3 |  4- 6 |  7- 9 || total
-------------------------+-------+-------+-------++-------
Melee: Short sword       |    19 |    98 |       ||   117
       Bite              |     4 |    48 |   110 ||   162
       Dagger            |       |    99 |   317 ||   416
 Fire: Shortbow          |   128 |       |       ||   128
       Blowgun           |       |    10 |     3 ||    13
Invok: Quick Charge      |       |       |     8 ||     8
Evoke: Wand              |       |     1 |     7 ||     8
  Use: Scroll            |       |     5 |     3 ||     8
 Stab: Sleeping          |       |       |     2 ||     2
       Distracted        |       |       |     1 ||     1
  Eat: Chunk             |       |     6 |    10 ||    16
Armor: Scale mail        |    48 |   104 |   115 ||   267
       Leather armour    |       |       |    56 ||    56
Dodge: Dodged            |    39 |    95 |   168 ||   302
